 Dungeon Crawl Stone Soup version 0.22.1-2-g9c5b331 (webtiles) character file.

4229639 Petrovich the Middleweight Champion (level 25, 247/247 (249) HPs)
             Began as a Ghoul Warper on Nov 20, 2018.
             Was the Champion of Ru.
             Escaped with the Orb
             ... and 6 runes on Nov 21, 2018!
             The game lasted 06:02:09 (72394 turns).

Petrovich the Middleweight Champion (Ghoul Warper) Turns: 72394, Time: 06:02:10

HP:   247/247 (249) AC: 57    Str: 29    XL:     25
MP:   43/45         EV:  9    Int: 16    God:    Ru [******]
Gold: 4422          SH: 15    Dex: 13    Spells: 15/44 levels left

rFire    + + +     SeeInvis +     - Unarmed
rCold    + . .     Gourm    .   h - +0 shield {reflect}
rNeg     + + +     Faith    .   J - +16 plate armour "Zoxuosoc" {*Contam Dex+5 SInv Stlth+}
rPois    ∞         Spirit   .   F - +1 helmet "Titetad" {Int+4 Stlth+}
rElec    +         Reflect  +   K - +2 cloak {MR+}
rCorr    .         Harm     .   L - +1 pair of gloves of Complete Protection {*Slow rPois rF+++ Slay+6}
MR       +++..                  e - +2 pair of boots {Fly}
Stlth    ..........             P - amulet of Qeesch {rElec Regen+ Int+4}
HPRegen  0.91/turn              o - +4 ring of protection
MPRegen  0.29/turn              N - ring of Moodiness {rN+ MR+ MP+9 Str+2 Stlth+}

@: rotting
A: rotting body, claws 1, carnivore, cold resistance 1, negative energy
resistance 3, inhibited regeneration, torment resistance, unbreathing, inability
to drink while threatened, no stealth, inability to train dodging, inexperienced
1, missing an eye
0: Orb of Zot
}: 6/15 runes: barnacled, slimy, silver, golden, abyssal, gossamer
a: Draw Out Power, Power Leap, Apocalypse, Renounce Religion, Evoke Flight


You escaped.
You worshipped Ru.
Ru was exalted by your worship.
You were not hungry.

You visited 14 branches of the dungeon, and saw 62 of its levels.
You visited the Abyss 4 times.
You also visited: Ice Cave and Wizlab.

You collected 10246 gold pieces.
You spent 5824 gold pieces at shops.

Inventory:

Missiles
 c - 6 throwing nets (quivered)
 k - 7 javelins of penetration
Armour
 e - a +2 pair of boots of flying (worn)
 h - a +0 shield of reflection (worn)
 F - the +1 helmet "Titetad" (worn) {Int+4 Stlth+}
   (You found it on level 1 of the Realm of Zot)

   It affects your intelligence (+4).
   It makes you more stealthy.
 J - the +16 plate armour "Zoxuosoc" (worn) {*Contam Dex+5 SInv Stlth+}
   (You found it on level 6 of the Dungeon)

   It affects your dexterity (+5).
   It lets you see invisible.
   It causes magical contamination when unequipped.
   It makes you more stealthy.
 K - a +2 cloak of magic resistance (worn)
 L - the +1 pair of gloves of Complete Protection (worn) {*Slow rPois rF+++ Slay+6}
   (You found it on level 5 of the Vaults)

   It affects your accuracy and damage with ranged weapons and melee attacks
   (+6).
   It renders you almost immune to fire.
   It protects you from poison.
   It may slow you when you take damage.
Jewellery
 o - a +4 ring of protection (left hand)
 C - the ring of False Pretenses {rN+ SInv}
   (You took it off a draconian monk on level 5 of the Depths)

   [ring of see invisible]

   It protects you from negative energy.
   It lets you see invisible.
 N - the ring of Moodiness (right hand) {rN+ MR+ MP+9 Str+2 Stlth+}
   (You found it on level 5 of the Pits of Slime)

   [ring of stealth]

   It affects your strength (+2).
   It protects you from negative energy.
   It affects your resistance to hostile enchantments.
   It affects your magic capacity (+9).
   It makes you more stealthy.
 P - the amulet of Qeesch (around neck) {rElec Regen+ Int+4}
   (You acquired it on level 2 of the Depths)

   [amulet of regeneration]

   It affects your intelligence (+4).
   It insulates you from electricity.
   It increases your rate of regeneration.
 U - an uncursed ring of protection from cold
Wands
 a - a wand of digging (61)
 t - a wand of scattershot (7)
 D - a wand of acid (46)
 E - a wand of paralysis (5)
 Q - a wand of enslavement (11)
 X - a wand of clouds (17)
 Y - a wand of iceblast (26)
Scrolls
 b - 10 scrolls of blinking
 i - 10 scrolls of identify
 B - 4 scrolls of immolation {!r}
 G - 3 scrolls of silence {!r}
 M - 3 scrolls of magic mapping
 O - 13 scrolls of fog
 R - 25 scrolls of remove curse
 T - 16 scrolls of teleportation
 Z - 2 scrolls of summoning
Potions
 m - 5 potions of magic
 q - 3 potions of invisibility
 s - 8 potions of ambrosia
 u - 8 potions of flight
 v - 5 potions of resistance
 x - 26 potions of curing
 y - 19 potions of heal wounds
 A - 13 potions of haste
 H - 10 potions of agility
 I - 12 potions of brilliance
 S - 16 potions of might
 V - 5 potions of cancellation
Miscellaneous
 d - the horn of Geryon
 l - a phial of floods
 n - a lamp of fire
 p - 5 boxes of beasts
 r - a figurine of a ziggurat
 w - 10 phantom mirrors
 z - 5 sacks of spiders
 W - a lightning rod (4/4)
Comestibles
 f - 96 rations


   Skills:
 + Level 25.1 Fighting
 - Level 0.8 Throwing
 * Level 26.9 Armour
 - Level 15.0 Shields
 O Level 27 Unarmed Combat
 - Level 10.0 Spellcasting
 - Level 10.0 Charms
 - Level 13.0 Necromancy
 - Level 13.0 Translocations
 - Level 13.0 Earth Magic
 - Level 14.0 Evocations


You had 15 spell levels left.
You knew the following spells:

 Your Spells              Type           Power        Failure   Level  Hunger
a - Apportation           Tloc           #####.       1%          1    None
e - Lesser Beckoning      Tloc           #####.....   1%          3    None
h - Regeneration          Chrm/Necr      #####.....   1%          3    None
p - Passage of Golubria   Tloc           N/A          1%          4    ###....
w - Passwall              Tmut/Erth      ####....     2%          2    None
z - Borgnjor's Vile Clut  Necr/Erth      #####.....   3%          5    #####..
B - Blink                 Tloc           N/A          1%          2    None
M - Deflect Missiles      Chrm/Air       ###.......   99%         6    ######.
S - Song of Slaying       Chrm           #####...     1%          2    None
U - Summon Butterflies    Summ           #.......     26%         1    None

Your spell library contained the following spells:

 Spells                   Type           Power        Failure   Level  Hunger
 Animate Skeleton         Necr           N/A          1%          1    None
 Infusion                 Chrm           ####         1%          1    None
 Pain                     Necr           ####         1%          1    None
 Sandblast                Erth           #####.       1%          1    None
 Corpse Rot               Necr           N/A          1%          2    None
 Shroud of Golubria       Chrm/Tloc      #####.....   1%          2    None
 Gell's Gravitas          Tloc           #####.....   1%          3    None
 Teleport Other           Tloc           #####...     1%          3    None
 Vampiric Draining        Necr           #####.....   1%          3    None
 Animate Dead             Necr           N/A          1%          4    ###....
 Dispel Undead            Necr           #####...     3%          5    #####..
 Lee's Rapid Deconstruct  Erth           #####.....   3%          5    #####..
 Portal Projectile        Hex/Tloc       ####..       5%          3    None
 Recall                   Summ/Tloc      N/A          5%          3    None
 Stone Arrow              Conj/Erth      ####..       5%          3    None
 Spectral Weapon          Hex/Chrm       ###.....     10%         3    None
 Force Lance              Conj/Tloc      ####....     17%         4    ###....
 Leda's Liquefaction      Hex/Erth       ####......   17%         4    ###....
 Petrify                  Tmut/Erth      ####....     17%         4    ###....
 Death Channel            Necr           #####.....   19%         6    ######.
 Dispersal                Tloc           #####.....   19%         6    ######.
 Confusing Touch          Hex            #.....       26%         1    None
 Corona                   Hex            #......      26%         1    None
 Flame Tongue             Conj/Fire      #....        26%         1    None
 Magic Dart               Conj           #...         26%         1    None
 Sting                    Conj/Pois      #...         26%         1    None
 Summon Small Mammal      Summ           #...         26%         1    None
 Call Imp                 Summ           #.......     36%         2    None
 Ensorcelled Hibernation  Hex/Ice        #.....       36%         2    None
 Poisonous Vapours        Pois/Air       #.....       36%         2    None
 Searing Ray              Conj           #.....       36%         2    None
 Slow                     Hex            #.......     36%         2    None
 Sticks to Snakes         Tmut           #.......     36%         2    None
 Throw Flame              Conj/Fire      #.....       36%         2    None
 Call Canine Familiar     Summ           #.......     58%         3    None
 Confuse                  Hex            #.......     58%         3    None
 Conjure Flame            Conj/Fire      #.......     58%         3    None
 Dazzling Spray           Conj/Hex       #.....       58%         3    None
 Inner Flame              Hex/Fire       #.......     58%         3    None
 Mephitic Cloud           Conj/Pois/Air  #.......     58%         3    None
 Tukima's Dance           Hex            #.......     58%         3    None
 Bolt of Magma            Conj/Fire/Erth ###.......   75%         5    #####..
 Cause Fear               Hex            #.........   94%         4    ###....
 Fulminant Prism          Conj/Hex       #.........   94%         4    ###....
 Iskenderun's Mystic Bla  Conj           #.......     94%         4    ###....
 Sticky Flame             Conj/Fire      #.......     94%         4    ###....
 Summon Ice Beast         Ice/Summ       #.......     94%         4    ###....
 Iron Shot                Conj/Erth      ####......   95%         6    ######.
 Simulacrum               Ice/Necr       ####......   95%         6    ######.
 Alistair's Intoxication  Tmut/Pois      #.......     100%        5    #####..
 Aura of Abjuration       Summ           #.........   100%        5    #####..
 Fireball                 Conj/Fire      #.........   100%        5    #####..
 Irradiate                Conj/Tmut      #.........   100%        5    #####..
 Metabolic Englaciation   Hex/Ice        #.........   100%        5    #####..
 Silence                  Hex/Air        #.........   100%        5    #####..
 Summon Mana Viper        Hex/Summ       #.......     100%        5    #####..
 Yara's Violent Unravell  Hex/Tmut       #.........   100%        5    #####..
 Darkness                 Hex            #.........   100%        6    ######.
 Freezing Cloud           Conj/Ice/Air   #.........   100%        6    ######.
 Invisibility             Hex            #.......     100%        6    ######.
 Shadow Creatures         Summ           N/A          100%        6    ######.
 Haunt                    Necr/Summ      ####......   100%        7    #######
 Ring of Flames           Chrm/Fire      ###.......   100%        7    #######
 Spellforged Servitor     Conj/Summ      #.........   100%        7    #######
 Summon Hydra             Summ           #.........   100%        7    #######
 Controlled Blink         Tloc           N/A          100%        8    #######
 Discord                  Hex            #.........   100%        8    #######
 Disjunction              Tloc           #####.....   100%        8    #######
 Ignition                 Fire           #.........   100%        8    #######
 Infestation              Necr           #####.....   100%        8    #######
 Shatter                  Erth           #####.....   100%        9    #######
 Beastly Appendage        Tmut           Unusable     N/A         1    N/A
 Spider Form              Tmut/Pois      Unusable     N/A         3    N/A
 Ice Form                 Ice/Tmut       Unusable     N/A         4    N/A
 Statue Form              Tmut/Erth      Unusable     N/A         6    N/A
 Blade Hands              Tmut           Unusable     N/A         5    N/A
 Hydra Form               Tmut           Unusable     N/A         6    N/A
 Dragon Form              Tmut           Unusable     N/A         7    N/A
 Borgnjor's Revivificati  Necr           Unusable     N/A         8    N/A
 Death's Door             Chrm/Necr      Unusable     N/A         8    N/A
 Necromutation            Tmut/Necr      Unusable     N/A         8    N/A

Dungeon Overview and Level Annotations

Branches:
Dungeon (15/15)            Temple (1/1) D:5            Lair (6/6) D:9
 Shoals (4/4) Lair:2       Spider (4/4) Lair:2        Slime (5/5) Lair:5
    Orc (2/2) D:11            Elf (3/3) Orc:2        Vaults (5/5) D:14
  Crypt (3/3) Vaults:2       Tomb (3/3) Crypt:3      Depths (5/5) D:15
   Hell (1/1)                 Zot (5/5) Depths:5
    Dis: Hell:1         Geh: Hell:1         Coc: Hell:1         Tar: Hell:1

Altars:
Ashenzari
Dithmenos
Elyvilon
Fedhas
Gozag
Hepliaklqana
Kikubaaqudgha
Makhleb
Nemelex Xobeh
Qazlal
Ru
Sif Muna
Trog
Uskayaw
Wu Jian
Xom
Yredelemnul
Zin
The Shining One
Beogh
Jiyva

Shops:
D:4 *   D:11 }   D:12 !   D:13 *   Orc:2 ![?}%   Elf:1 }(=   Shoals:2 [}
Vaults:2 :   Depths:1 [[[?}   Depths:5 }=}%

Portals:
Hell: Lair:6 Depths:1 Depths:2 Depths:3 Depths:4 Depths:5
Abyss: Depths:4
Pandemonium: Orc:2 Depths:1 Depths:2 Depths:3
Ziggurat: Depths:5

Annotations:
Crypt:1 good pl. armour
Depths:4 1 transporter
Abyss:1 Louise


Innate Abilities, Weirdness & Mutations

Your body is rotting away.
You thrive on raw meat.
You are immune to poison.
You have sharp fingernails.
You are carnivorous and can eat meat at any time.
Your flesh is cold resistant. (rC+)
You are immune to negative energy. (rN+++)
You do not regenerate when monsters are visible.
You are immune to unholy pain and torment.
You can survive without breathing.
You cannot drink potions while threatened.
You cannot be stealthy.
You cannot train Dodging skill.
You are somewhat inexperienced. (-2 XL)
You are missing an eye, making it more difficult to aim.


Message History

Confirm with . or Enter, or press ? or * to list all spells.
Aiming: Passwall (safe; 2% risk of failure)
Press: ? - help, Dir - move target cursor A rock wall.
This square is covered in magical glow.
You begin to meditate on the wall.
You continue meditating on the rock. x2
You finish merging with the rock.
Unknown command.
Casting: Passwall (safe; 2% risk of failure)
Confirm with . or Enter, or press ? or * to list all spells.
Aiming: Passwall (safe; 2% risk of failure)
Press: ? - help, Dir - move target cursor A rock wall.
This square is covered in magical glow.
You begin to meditate on the wall.
You continue meditating on the rock. x3
You finish merging with the rock.
Unknown command.
Unknown command.
There is a staircase leading out of the dungeon here.
You have escaped!

###### #.#.8#
###### #..#'###
#..... #@.#'..#
#.....
#..#'#.######.....
#.#.8#............
########......####
#####......####
#..............
#.#############
#.# ###### #.#
#....#


There were no monsters in sight!

Vanquished Creatures
  the Royal Jelly (Slime:5)
  Khufu (Tomb:2)
  2 orbs of fire (Zot:5)
  A juggernaut (Depths:5)
  Mennas (Depths:5)
  6 ancient liches
  37 greater mummies
  Saint Roka (Crypt:3)
  Xtahua (Depths:3)
  2 curse toes
  Geryon (Hell)
  4 Killer Klowns (Zot:5)
  2 caustic shrikes
  12 golden dragons
  Jory (Vaults:3)
  A profane servitor (Abyss:2)
  Arachne (Spider:2)
  A bone dragon (Abyss:4)
  The ghost of Zaliutr Qeeff the Severer, an adept CeBe of Makhleb (Crypt:1)
  An electric golem (Zot:5)
  A Hell Sentinel (Abyss:4)
  A hellephant (Abyss:3)
  16 tentacled monstrosities
  A deep elf blademaster (Elf:3)
  11 liches
  27 Orb Guardians
  7 titans (Vaults:5)
  2 quicksilver dragons
  A deep elf master archer (Elf:3)
  Murray (Depths:4)
  26 acid blobs
  Asterion (Depths:3)
  10 ancient champions
  8 sphinxes
  Polyphemus (Shoals:2)
  A kraken (Shoals:4)
  An Executioner (D:8)
  16 tentacled starspawn
  5 death cobs
  8 tengu reavers
  10 shadow dragons
  Kirke (Elf:1)
  9 storm dragons
  9 draconian monks
  Roxanne (Spider:2)
  5 revenants
  Donald (Elf:1)
  8 azure jellies
  6 emperor scorpions
  7 fire giants
  A balrug (Depths:1)
  5 draconian knights
  2 ghost moths
  7 deep elf sorcerers
  12 frost giants
  2 cacodemons
  An iron dragon (Vaults:5)
  14 vault wardens
  A curse skull (Crypt:3)
  5 draconian scorchers
  A spriggan defender (Depths:2)
  5 deep elf elementalists
  4 ghouls
  2 draconian stormcallers
  A pandemonium lord (Depths:4)
  A draconian shifter (Zot:1)
  5 reapers
  5 draconian annihilators
  5 entropy weavers
  5 war gargoyles (Vaults:5)
  14 bennus
  19 stone giants
  8 ironheart preservers
  25 vampire knights
  21 very ugly things
  6 green draconians
  3 lorocyprocas
  9 black draconians
  A minotaur (shapeshifter) (Vaults:5)
  10 purple draconians
  5 deep elf demonologists
  8 deep elf annihilators
  A merfolk javelineer (Shoals:4)
  7 red draconians
  18 yellow draconians
  13 white draconians
  6 blizzard demons
  6 eidola
  9 ettins
  20 mummy priests
  A green death (Abyss:2)
  10 deep elf death magi
  13 ogre magi
  8 jiangshi
  8 deep elf high priests
  A crystal guardian (Vaults:3)
  9 fire dragons
  7 merfolk impalers
  5 death oozes
  6 ice dragons
  18 great orbs of eyes
  33 vault guards
  8 hydras
  16 yaktaur captains
  8 rakshasas
  A catoblepas (Shoals:2)
  3 centaur warriors
  A hell beast (Depths:2)
  2 merfolk avatars
  37 two-headed ogres
  2 spriggan air magi (Depths:4)
  6 death yaks
  3 death knights
  A queen ant (Spider:4)
  2 merfolk aquamancers (Shoals:4)
  11 deep troll earth magi
  12 hell hogs
  5 tengu warriors
  2 satyrs (Shoals:4)
  12 vampire magi
  10 deep troll shamans
  8 orc high priests (Orc:2)
  A titan zombie (Tomb:1)
  A queen ant (shapeshifter) (Vaults:5)
  29 thrashing horrors
  22 dancing weapons
  41 death scarabs
  8 soul eaters
  16 hell knights
  A titan skeleton (Tomb:2)
  23 deep elf knights
  5 sun demons
  19 wretched stars
  2 shadow wraiths
  42 large abominations
  55 skeletal warriors
  A golden dragon zombie (Crypt:1)
  2 salamander mystics (Depths:3)
  2 iron trolls (Depths:5)
  3 spatial maelstroms
  11 unseen horrors
  An entropy weaver zombie (Crypt:1)
  A quicksilver dragon simulacrum (Crypt:2)
  7 sixfirhies
  6 sea snakes
  17 deep elf archers
  A gelid demonspawn (Orc:2)
  5 glowing orange brains
  An infernal demonspawn (Orc:2)
  27 deep trolls
  10 wizards
  A death drake (Abyss:2)
  2 ghost moth zombies
  8 flayed ghosts
  27 starcursed masses
  A swamp dragon (shapeshifter) (D:13)
  Pikel (D:5)
  3 lindwurms (Depths:5)
  31 phantasmal warriors
  13 ironbrand convokers
  4 wolf spider zombies
  7 necromancers
  A sphinx zombie (D:15)
  15 orc knights
  2 mana vipers (Abyss:2)
  21 harpies
  3 spectral wolf spiders (Spider:4)
  9 fauns
  16 ugly things
  A tengu zombie (D:15)
  38 wolf spiders
  4 orb spiders
  3 salamanders (shapeshifter)
  3 stone giant zombies
  3 oklob plants
  8 cyclopes
  65 deep elf magi
  8 orc sorcerers
  6 worldbinders
  14 moths of wrath
  A naga mage (Abyss:3)
  7 shining eyes
  10 manticores
  An iron dragon skeleton (Abyss:2)
  2 guardian serpents
  A moth of wrath (shapeshifter) (Vaults:5)
  6 salamanders
  A frost giant skeleton (Crypt:2)
  An ice statue (Abyss:3)
  13 vault sentinels
  13 black mambas
  3 fire giant skeletons
  2 dire elephant zombies (Crypt:3)
  8 merfolk sirens
  5 apocalypse crabs
  6 water nymphs
  3 torpor snails
  17 smoke demons
  4 gargoyles
  2 eyes of devastation (Slime:5)
  5 rust devils
  17 orange demons
  An emperor scorpion zombie (Crypt:3)
  17 spiny frogs
  A demonspawn skeleton (WizLab)
  2 hellions
  5 rime drakes
  A swamp worm zombie (Crypt:3)
  A yaktaur (shapeshifter) (Depths:4)
  A tormentor (Abyss:4)
  46 guardian mummies
  7 komodo dragons
  14 demonic crawlers
  5 hellwings
  12 freezing wraiths
  40 yaktaurs
  An elf (Vaults:3)
  2 spectral redbacks (Spider:4)
  2 red devils
  5 efreet
  A redback zombie (Spider:4)
  16 ancient zymes
  A golden dragon simulacrum (Crypt:1)
  A meliai (shapeshifter) (Depths:4)
  7 trolls
  2 tengu conjurers (Depths:2)
  A hydra zombie (Tomb:1)
  A minotaur skeleton (Crypt:3)
  9 ice devils
  A death yak skeleton (Crypt:3)
  A queen bee (shapeshifter) (Vaults:4)
  4 wind drakes
  22 merfolk
  A silent spectre (Abyss:2)
  2 jumping spiders (shapeshifter) (Vaults:1)
  40 jumping spiders
  The ghost of Talos the Bolt Thrower, an amateur MiHu (D:3)
  A wolf spider simulacrum (Crypt:1)
  13 polar bears
  181 slime creatures
  A polar bear (shapeshifter) (Vaults:2)
  4 spectral tarantellas (Spider:4)
  8 hornets
  A guardian serpent zombie (Crypt:3)
  A raiju (shapeshifter) (Depths:1)
  3 bog bodies (Crypt:2)
  3 spectral jumping spiders (Spider:4)
  4 jumping spider zombies (Spider:4)
  17 blink frogs
  A moth of wrath zombie (Crypt:3)
  13 dream sheep
  10 hippogriffs
  A hippogriff (shapeshifter) (Abyss:2)
  A meliai zombie (D:15)
  4 ettin zombies
  37 raiju
  13 snapping turtles
  A tarantella zombie (Crypt:1)
  3 fire dragon zombies
  A spriggan (Spider:4)
  9 shadows
  7 air elementals
  A fire dragon skeleton (D:15)
  24 flying skulls
  72 redbacks
  A satyr skeleton (Crypt:2)
  4 ice dragon skeletons
  A tarantella (shapeshifter) (Depths:4)
  19 ushabtiu
  2 black mamba zombies
  3 wyverns
  12 water elementals
  13 ynoxinuls
  7 hogs
  23 wraiths
  64 yaks
  3 vampires
  2 humans
  30 tarantellas
  3 basilisks
  A steam dragon (D:13)
  6 fire elementals
  17 chaos spawn
  9 neqoxecs
  A fire bat (Abyss:2)
  18 golden eyes
  A hungry ghost (D:15)
  3 vampire mosquitoes (D:15)
  A water nymph zombie (Crypt:1)
  5 spatial vortices (WizLab)
  2 nagas
  7 wargs
  A warg (shapeshifter) (Vaults:5)
  4 insubstantial wisps
  A two-headed ogre zombie (Crypt:2)
  2 soldier ants (shapeshifter)
  2 acid dragons
  Duvessa (D:5)
  23 hell hounds
  A floating eye (Depths:3)
  5 soldier ants
  A deep troll skeleton (Crypt:3)
  25 water moccasins
  3 spiny frog zombies
  10 porcupines
  6 swamp drakes (Depths:5)
  A hornet zombie (Crypt:2)
  A slave (D:5)
  A torturous demonspawn skeleton (Crypt:1)
  3 phantoms
  3 spectral hornets (Spider:4)
  2 black bears (D:9)
  11 eyes of draining
  A manticore zombie (Tomb:1)
  An ettin simulacrum (Crypt:2)
  7 ice beasts
  5 necrophages
  51 orc warriors
  2 snapping turtle zombies
  24 boggarts
  54 ogres
  2 eyes of draining (shapeshifter)
  48 small abominations
  A tengu (shapeshifter) (Depths:4)
  10 crocodiles
  A tengu (D:8)
  27 wolves
  A snapping turtle skeleton (Crypt:1)
  11 centaurs
  3 big kobolds
  19 bullfrogs
  A cyclops zombie (Crypt:2)
  3 earth elementals
  A merfolk simulacrum (Crypt:1)
  A gnoll sergeant (D:8)
  A salamander skeleton (Crypt:2)
  A water moccasin zombie (D:5)
  2 wyvern skeletons
  A water moccasin skeleton (D:7)
  3 scorpions
  Dowan (D:5)
  4 killer bees (D:8)
  18 wights
  8 howler monkeys
  An electric eel (D:12)
  13 crimson imps
  A black bear zombie (Crypt:3)
  7 quasits
  26 orc priests
  A centaur zombie (D:12)
  A bullfrog zombie (D:7)
  7 hounds
  28 jellies
  A basilisk zombie (Crypt:1)
  8 centaur skeletons
  Crazy Yiuf (D:2)
  5 iguanas
  A jelly (shapeshifter) (Vaults:5)
  6 iron imps
  26 orc wizards
  Natasha (twice) (D:2)
  An iguana (shapeshifter) (Vaults:5)
  A black bear skeleton (Crypt:2)
  5 lightning spires (Abyss:3)
  13 worker ants
  A porcupine skeleton (Crypt:1)
  A dwarf zombie (Crypt:1)
  4 hound skeletons
  30 mummies
  A worker ant zombie (D:10)
  Robin (D:2)
  8 gnolls
  20 adders
  A river rat (D:3)
  5 shadow imps
  6 white imps
  3 ufetubi
  4 oozes
  An adder zombie (D:5)
  A worm zombie (Crypt:1)
  An adder skeleton (D:7)
  2 worms
  3 dart slugs
  8 leopard geckos
  87 orcs
  12 bats
  4 giant cockroaches
  17 goblins
  11 hobgoblins
  17 jackals
  12 kobolds
  5 quokkas
  2 ball pythons
  A ball python zombie (Crypt:2)
  4 frilled lizards
  A frilled lizard skeleton (Crypt:1)
  A jackal zombie (D:5)
  An orc skeleton (Hell)
  2 quokka skeletons
  7 rats
  A rat skeleton (Crypt:2)
  A rat zombie (Crypt:3)
  3 crawling corpses (Vaults:5)
  2 lurking horrors (Abyss:3)
  16 plants
  9 starspawn tentacles
  5 tentacles (Shoals:4)
3512 creatures vanquished.

Vanquished Creatures (collateral kills)
  An acid blob (Slime:5)
  A yellow draconian (Zot:1)
  A death ooze (Slime:5)
  A shining eye (Slime:3)
4 creatures vanquished.

Vanquished Creatures (others)
  A lich (Vaults:5)
  2 deep elf blademasters
  A draconian monk (Depths:5)
  A storm dragon (Zot:4)
  A fire giant (Depths:4)
  A deep elf elementalist (Elf:3)
  2 ironheart preservers
  A reaper (WizLab)
  A stone giant (Vaults:4)
  A vampire knight (Crypt:3)
  An ettin (shapeshifter) (Vaults:5)
  A jiangshi (Crypt:3)
  An ogre mage (Abyss:4)
  17 death scarabs
  A queen ant (shapeshifter) (Abyss:4)
  A thrashing horror (Abyss:4)
  A deep elf knight (Elf:2)
  3 skeletal warriors
  2 deep elf archers
  A necromancer (Crypt:1)
  2 harpies
  An ironbrand convoker (Vaults:1)
  2 deep elf magi (Elf:3)
  2 wolf spiders
  An ugly thing (Abyss:3)
  A cyclops (D:15)
  A moth of wrath (Zot:5)
  A water nymph (Shoals:4)
  A large abomination (Abyss:2)
  2 freezing wraiths
  3 yaktaurs
  A demonic crawler (Spider:3)
  4 guardian mummies (Tomb:2)
  2 merfolk
  A hydra zombie (Hell)
  5 jumping spiders
  A tengu simulacrum (Vaults:1)
  3 slime creatures
  A hippogriff (D:15)
  2 flying skulls
  A tarantella (Spider:3)
  3 water elementals
  2 redbacks
  2 small abominations
  A human (Elf:1)
  A fire elemental (Elf:3)
  A chaos spawn (Abyss:4)
  A spatial vortex (Abyss:4)
  A porcupine (Lair:3)
  A slave (D:5)
  2 ogres
  A boggart (Depths:4)
  A crocodile (Lair:6)
  A starcursed mass (Abyss:3)
  An orc wizard (Vaults:1)
  2 iron imps
  A tengu skeleton (Hell)
  4 mummies (Tomb:2)
  An ufetubus (Abyss:2)
  7 orcs
  A kobold (D:10)
  A crawling corpse (Vaults:5)
  18 fungi
  2 lurking horrors
  47 plants
  37 starspawn tentacles
  3 tentacles (Shoals:4)
222 creatures vanquished.

Grand Total: 3738 creatures vanquished

Notes
Turn   | Place    | Note
-------+----------+-------------------------------------------
     0 | D:1      | Petrovich the Ghoul Warper began the quest for the Orb.
     0 | D:1      | Reached XP level 1. HP: 17/17 MP: 2/2
    80 | D:1      | Reached XP level 2. HP: 24/25 MP: 3/3
   180 | D:1      | Reached skill level 3 in Unarmed Combat
   215 | D:1      | Reached XP level 3. HP: 29/30 MP: 4/4
   750 | D:2      | Found a shadowy altar of Dithmenos.
   816 | D:2      | Reached XP level 4. HP: 31/38 MP: 5/5
   820 | D:2      | Reached skill level 4 in Unarmed Combat
   935 | D:2      | Noticed Natasha
   948 | D:2      | Killed Natasha
  1074 | D:2      | Reached XP level 5. HP: 45/45 MP: 6/6
  1288 | D:2      | Found a runed door.
  1379 | D:2      | Noticed Natasha
  1394 | D:2      | Killed Natasha
  1394 | D:2      | Reached skill level 5 in Unarmed Combat
  1599 | D:3      | Noticed Robin
  1665 | D:2      | Killed Robin
  1719 | D:3      | Reached XP level 6. HP: 52/52 MP: 7/7
  1841 | D:3      | Found a runed door.
  1851 | D:3      | Noticed Talos's ghost (amateur MiHu)
  1879 | D:3      | Reached skill level 6 in Unarmed Combat
  1881 | D:3      | Found a runed door.
  2175 | D:4      | Found Zir Zybiz's General Store.
  2218 | D:4      | Bought a scroll of teleportation for 36 gold pieces
  2218 | D:4      | Bought a potion of heal wounds for 60 gold pieces
  2218 | D:4      | Bought a scroll of identify for 24 gold pieces
  2357 | D:4      | Reached XP level 7. HP: 60/60 MP: 8/8
  2609 | D:4      | Found a blossoming altar of Fedhas.
  2700 | D:5      | Entered Level 5 of the Dungeon
  2772 | D:5      | Reached skill level 5 in Fighting
  2807 | D:5      | Reached skill level 7 in Unarmed Combat
  2955 | D:5      | Noticed Pikel
  2975 | D:5      | Killed Pikel
  2975 | D:5      | Reached skill level 8 in Unarmed Combat
  2975 | D:5      | Reached XP level 8. HP: 70/70 MP: 9/9
  3034 | D:5      | Found a bloodstained altar of Trog.
  3138 | D:5      | Noticed Dowan
  3150 | D:5      | Killed Dowan
  3150 | D:5      | Reached skill level 9 in Unarmed Combat
  3156 | D:5      | Noticed Duvessa
  3173 | D:5      | Killed Duvessa
  3433 | D:5      | Found a staircase to the Ecumenical Temple.
  3440 | Temple   | Entered the Ecumenical Temple
  3456 | Temple   | Became a worshipper of Ru the Awakened
  4126 | D:6      | Found a stormy altar of Qazlal.
  4145 | D:6      | Reached skill level 10 in Unarmed Combat
  4180 | D:6      | Reached XP level 9. HP: 73/79 MP: 10/10
  4327 | D:6      | Found a blossoming altar of Fedhas.
  4327 | D:6      | Found a shimmering altar of Xom.
  4395 | D:6      | Found a glowing silver altar of Zin.
  4395 | D:6      | Noticed an angel
  4670 | D:7      | Noticed a deep elf mage
  4677 | D:7      | Killed a deep elf mage
  4677 | D:7      | Reached skill level 11 in Unarmed Combat
  4939 | D:7      | Gained mutation: You cannot drink potions while threatened.
                  | [Ru sacrifice]
  4939 | D:7      | Reached * piety under Ru
  4968 | D:7      | Reached skill level 12 in Unarmed Combat
  4990 | D:7      | Reached XP level 10. HP: 75/91 MP: 11/11
  5021 | D:7      | Reached skill level 1 in Armour
  5268 | D:6      | Noticed a rust devil
  5268 | D:6      | Noticed a rust devil
  5525 | D:2      | Noticed Crazy Yiuf
  5531 | D:2      | Killed Crazy Yiuf
  5646 | D:3      | Killed Talos's ghost
  6049 | D:8      | Noticed a two-headed ogre
  6147 | D:8      | Noticed Maurice
  6149 | D:8      | Noticed Maurice
  6149 | D:8      | Maurice changed into Maurice the tengu
  6160 | D:8      | Killed Maurice the tengu
  6202 | D:8      | Reached skill level 13 in Unarmed Combat
  6584 | D:8      | Killed a two-headed ogre
  6610 | D:8      | Found a sparkling altar of Nemelex Xobeh.
  6807 | D:9      | Found an opulent altar of Gozag.
  6820 | D:9      | Reached skill level 10 in Fighting
  7026 | D:9      | Reached XP level 11. HP: 99/99 MP: 12/12
  7078 | D:9      | Gained mutation: You are somewhat inexperienced. (-2 XL)
                  | [Ru sacrifice]
  7078 | D:9      | Reached XP level 10. HP: 93/93 MP: 11/11
  7078 | D:9      | Reached XP level 9. HP: 85/85 MP: 10/10
  7078 | D:9      | Reached ** piety under Ru
  7078 | D:9      | Reached *** piety under Ru
  7263 | D:9      | Got a jewelled falchion
  7456 | D:9      | Found a hazy altar of Hepliaklqana.
  7457 | D:9      | Found an ornate altar of the Wu Jian Council.
  7529 | D:9      | Found a staircase to the Lair.
  7591 | D:10     | Entered Level 10 of the Dungeon
  7591 | D:10     | Found a burning altar of Makhleb.
  7675 | D:10     | Reached skill level 14 in Unarmed Combat
  7808 | D:10     | Reached XP level 10. HP: 89/94 MP: 11/11
  8557 | D:11     | Reached skill level 5 in Armour
  8774 | D:11     | Noticed a gargoyle
  8792 | D:11     | Killed a gargoyle
  8833 | D:11     | Found Aruph's Gadget Shop.
  8929 | D:11     | Noticed a cyclops
  8937 | D:11     | Killed a cyclops
  9052 | D:11     | Found a staircase to the Orcish Mines.
  9110 | D:11     | Reached XP level 11. HP: 67/101 MP: 12/12
  9398 | D:11     | Reached skill level 15 in Unarmed Combat
 10101 | D:12     | Found Hahal's Distillery.
 10104 | D:12     | Bought 2 potions of degeneration for 28 gold pieces
 10104 | D:12     | Bought a potion of agility for 56 gold pieces
 10104 | D:12     | Bought a potion of might for 56 gold pieces
 10104 | D:12     | Bought a potion of curing for 42 gold pieces
 10104 | D:12     | Bought 2 potions of flight for 84 gold pieces
 10661 | D:12     | Found a runed door.
 10706 | D:12     | Noticed a manticore
 10817 | D:12     | Killed a manticore
 11068 | D:12     | Identified the +8 falchion of Uskaar {flame, rF+ rC+ Str+4}
                  | (You found it on level 9 of the Dungeon)
 11141 | D:13     | Noticed a five-headed hydra
 11204 | D:13     | Found Xymekea's General Store.
 11218 | D:13     | Bought a scroll of identify for 30 gold pieces
 11504 | D:13     | Noticed a swamp dragon
 11504 | D:13     | a jumping spider changed into a swamp dragon
 11517 | D:13     | Killed a swamp dragon
 11609 | D:13     | Reached XP level 12. HP: 57/110 MP: 13/13
 11677 | D:13     | Reached skill level 1 in Evocations
 12211 | D:13     | Reached skill level 16 in Unarmed Combat
 12389 | Lair:1   | Entered Level 1 of the Lair of Beasts
 12899 | Lair:1   | Found the +8 whip "Snakebite" {curare, rPois}
 13344 | Lair:2   | Found a hole to the Spider Nest.
 13428 | Lair:2   | Gained mutation: You cannot train Dodging skill. [Ru
                  | sacrifice]
 13428 | Lair:2   | Reached **** piety under Ru
 13428 | Lair:2   | Reached ***** piety under Ru
 13498 | Lair:2   | Found a staircase to the Shoals.
 13708 | Lair:2   | Reached XP level 13. HP: 89/119 MP: 14/14
 14290 | Lair:3   | Found a frozen archway.
 14303 | IceCv    | Entered an ice cave
 14533 | IceCv    | Reached skill level 17 in Unarmed Combat
 14712 | IceCv    | Noticed a frost giant
 14721 | IceCv    | Reached skill level 10 in Armour
 14722 | IceCv    | Killed a frost giant
 16016 | Lair:5   | Reached XP level 14. HP: 129/129 MP: 15/15
 16125 | Lair:5   | Found a staircase to the Slime Pits.
 16320 | Lair:6   | Entered Level 6 of the Lair of Beasts
 16605 | Lair:6   | Reached skill level 18 in Unarmed Combat
 17110 | Lair:6   | Found a burning altar of Makhleb.
 17115 | Lair:6   | Found a gateway to Hell.
 18319 | D:6      | Got an ichor-stained plate armour
 18332 | D:6      | Identified the +16 plate armour "Zoxuosoc" {*Contam Dex+5
                  | SInv Stlth+} (You found it on level 6 of the Dungeon)
 18962 | D:14     | Reached XP level 15. HP: 138/138 MP: 10/16
 19495 | D:14     | Found a gate to the Vaults.
 19558 | D:15     | Entered Level 15 of the Dungeon
 19591 | D:15     | Gained mutation: You cannot be stealthy. [Ru sacrifice]
 19695 | D:15     | Reached skill level 19 in Unarmed Combat
 20178 | D:15     | Found a staircase to the Depths.
 20827 | Orc:1    | Entered Level 1 of the Orcish Mines
 20835 | Orc:1    | Found a roughly hewn altar of Beogh.
 21148 | Orc:2    | Entered Level 2 of the Orcish Mines
 21207 | Orc:1    | Noticed Sonja
 21216 | Orc:1    | Noticed Sonja
 21216 | Orc:1    | Sonja changed into Sonja the shapeshifter
 21217 | Orc:1    | Noticed Sonja
 21217 | Orc:1    | Sonja the shapeshifter changed into Sonja the golden eye
 21223 | Orc:1    | You are confused.
 21224 | Orc:1    | Noticed Sonja
 21224 | Orc:1    | Sonja the golden eye changed into Sonja the soldier ant
 21234 | Orc:1    | Killed Sonja the soldier ant
 21598 | Orc:2    | Found Ratad's Distillery.
 21618 | Orc:2    | Bought a potion of haste for 150 gold pieces
 21771 | Orc:2    | Found a staircase to the Elven Halls.
 21850 | Orc:2    | Found Util's Magic Scroll Shop.
 21944 | Orc:2    | Found Uduassat's Food Boutique.
 21999 | Orc:2    | Bought a scroll of teleportation for 42 gold pieces
 21999 | Orc:2    | Bought a scroll of teleportation for 42 gold pieces
 21999 | Orc:2    | Bought a scroll of magic mapping for 49 gold pieces
 21999 | Orc:2    | Bought a scroll of identify for 28 gold pieces
 21999 | Orc:2    | Bought a scroll of identify for 28 gold pieces
 21999 | Orc:2    | Bought a scroll of enchant armour for 105 gold pieces
 21999 | Orc:2    | Bought a scroll of enchant armour for 105 gold pieces
 21999 | Orc:2    | Bought a scroll of fog for 28 gold pieces
 21999 | Orc:2    | Bought a scroll of fog for 28 gold pieces
 22250 | Orc:2    | Reached XP level 16. HP: 147/147 MP: 17/17
 22291 | Orc:2    | Found Vyeffoq's Gadget Shoppe.
 22291 | Orc:2    | Found Vahoisadgh's Antique Armour Emporium.
 22291 | Orc:2    | Found a one-way gate leading to the halls of Pandemonium.
 22542 | Orc:2    | Gained mutation: You are missing an eye, making it more
                  | difficult to aim. [Ru sacrifice]
 22542 | Orc:2    | Reached ****** piety under Ru
 22794 | Spider:1 | Entered Level 1 of the Spider Nest
 22961 | Spider:1 | Reached skill level 20 in Unarmed Combat
 23182 | Spider:1 | You are confused.
 23247 | Spider:1 | Reached skill level 15 in Fighting
 23671 | Spider:2 | Noticed Roxanne
 23681 | Spider:2 | Noticed Arachne
 23716 | Spider:2 | Killed Arachne
 24346 | Spider:2 | Learned a level 2 spell: Blink
 24350 | Spider:2 | Learned a level 3 spell: Lesser Beckoning
 24355 | Spider:2 | Learned a level 4 spell: Passage of Golubria
 24720 | Spider:2 | Killed Roxanne
 25121 | Spider:3 | You are confused.
 25404 | Spider:2 | Reached skill level 5 in Evocations
 25594 | Spider:4 | Entered Level 4 of the Spider Nest
 25603 | Spider:4 | You are confused.
 25689 | Spider:4 | You are confused.
 25702 | Spider:3 | You are confused.
 25707 | Spider:3 | Reached XP level 17. HP: 147/156 MP: 19/19
 26032 | Spider:4 | You are confused.
 26190 | Spider:4 | You are confused.
 26358 | Spider:4 | Reached skill level 15 in Armour
 26358 | Spider:4 | Reached skill level 21 in Unarmed Combat
 26668 | Spider:4 | You are confused.
 27664 | Spider:4 | Got a gossamer rune of Zot
 27873 | Shoals:1 | Entered Level 1 of the Shoals
 28243 | Shoals:1 | You are confused.
 28498 | Shoals:2 | Found Quryez's Armour Emporium.
 28629 | Shoals:2 | Noticed Polyphemus
 28690 | Shoals:2 | Killed Polyphemus
 28690 | Shoals:2 | Reached XP level 18. HP: 116/166 MP: 20/20
 28830 | Shoals:2 | Found Xax Syll's Gadget Shoppe.
 29530 | Shoals:4 | Entered Level 4 of the Shoals
 30230 | Shoals:4 | Reached skill level 22 in Unarmed Combat
 30300 | Shoals:4 | Got a glittering pewter amulet
 30301 | Shoals:4 | Identified the amulet of Fepipnym {Faith +Blink} (You found
                  | it on level 4 of the Shoals)
 30475 | Shoals:4 | Got a barnacled rune of Zot
 30591 | Shoals:4 | Cast into level 2 of the Abyss (merfolk impaler)
 30806 | Abyss:2  | Reached skill level 1 in Shields
 31020 | Abyss:2  | Paralysed by accursed screaming for 1 turns
 31095 | Abyss:2  | You feel dopey.
 31181 | Shoals:4 | Escaped the Abyss
 32229 | Shoals:2 | Bought the +15 Maxwell's patent armour {-Cast -Tele rElec
                  | MR+ rCorr} for 1503 gold pieces
 32229 | Shoals:2 | Found the +15 Maxwell's patent armour {-Cast -Tele rElec
                  | MR+ rCorr}
 32422 | D:4      | Bought a potion of heal wounds for 60 gold pieces
 32422 | D:4      | Bought a potion of cancellation for 96 gold pieces
 32556 | D:12     | Bought a potion of heal wounds for 70 gold pieces
 32556 | D:12     | Bought 2 potions of heal wounds for 140 gold pieces
 32654 | Vaults:1 | Entered Level 1 of the Vaults
 32683 | Vaults:1 | Reached XP level 19. HP: 173/173 MP: 16/22
 33060 | Vaults:1 | You fall through a shaft!
 33520 | Vaults:2 | Found Unaor's Book Shoppe.
 33634 | Vaults:2 | Found a staircase to the Crypt.
 33634 | Vaults:2 | Found a basalt altar of Yredelemnul.
 33635 | Vaults:2 | Found an ancient bone altar of Kikubaaqudgha.
 35630 | Vaults:3 | Reached skill level 5 in Shields
 35630 | Vaults:3 | Reached skill level 23 in Unarmed Combat
 36086 | Vaults:3 | Reached XP level 20. HP: 184/184 MP: 24/24
 36188 | Vaults:3 | Got a distressingly furry cloak
 36263 | Vaults:3 | Noticed Jory
 36291 | Vaults:3 | Killed Jory
 37912 | Vaults:4 | Identified the cursed +0 cloak of the Slug {*Drain rN++}
                  | (You found it on level 3 of the Vaults)
 38551 | Elf:1    | Entered Level 1 of the Elven Halls
 38715 | Elf:1    | Noticed Kirke
 38742 | Elf:1    | Killed Kirke
 38796 | Elf:1    | Found Peerist Dipp's Weapon Shop.
 39130 | Elf:1    | Found Asosapol's Jewellery Boutique.
 39360 | Elf:1    | Noticed Donald
 39375 | Elf:1    | Killed Donald
 39389 | Elf:1    | Noticed Louise
 39418 | Elf:1    | Banished Louise
 39453 | Elf:1    | Found Itour Ziucs's Gadget Boutique.
 39590 | Elf:1    | Bought a wand of clouds (9) for 546 gold pieces
 39961 | Elf:2    | Got a scorched rapier
 39962 | Elf:2    | Identified the +4 rapier of Plague {elec, *Slow rPois rC-
                  | rN+++} (You found it on level 2 of the Elven Halls)
 40119 | Elf:2    | Found a huge runed gate.
 40119 | Elf:2    | Found a huge runed gate.
 40119 | Elf:2    | Found a huge runed gate.
 40126 | Elf:2    | Found a huge runed gate.
 40128 | Elf:2    | Found a huge runed gate.
 40531 | Elf:2    | Reached XP level 21. HP: 192/192 MP: 25/25
 40757 | Elf:3    | Entered Level 3 of the Elven Halls
 40772 | Elf:3    | Petrovich: что-то в бездну никто не отправляет
 40772 | Elf:3    | Petrovich: дажу Луис сам себя отправил, лол
 40843 | Elf:3    | Found a magical portal.
 40856 | WizLab   | Entered The Roulette of Golubria
 40856 | WizLab   | Found a transporter.
 40859 | WizLab   | Found a corrupted altar of Lugonu.
 40910 | WizLab   | Found a transporter.
 40987 | WizLab   | Found a transporter.
 40999 | WizLab   | Found a transporter.
 40999 | WizLab   | Found a corrupted altar of Lugonu.
 41009 | WizLab   | Found a transporter.
 41045 | WizLab   | Found a transporter.
 41089 | WizLab   | Found a transporter.
 41089 | WizLab   | Found a transporter.
 41152 | WizLab   | Found a transporter.
 41160 | WizLab   | Found a transporter.
 41194 | WizLab   | Found a transporter.
 41242 | WizLab   | Found a transporter.
 41383 | WizLab   | Found the +1 cloak of Starlight {rElec rC+ EV+4 Stlth--}
 41414 | WizLab   | Found a transporter.
 41559 | WizLab   | Identified Golubria's Tome of Translocation
 41680 | WizLab   | Found a transporter.
 41680 | WizLab   | Found a transporter.
 41730 | WizLab   | Found a transporter.
 41776 | WizLab   | Found a transporter.
 41776 | WizLab   | Found a transporter.
 41810 | WizLab   | Found a transporter.
 41810 | WizLab   | Found a transporter.
 41871 | WizLab   | Got an ichor-stained cloak
 41872 | WizLab   | Identified the cursed -1 cloak of Tenacity {rC+ MR++ Str-4}
                  | (You found it in a wizard's laboratory)
 42122 | Elf:3    | Reached skill level 24 in Unarmed Combat
 43017 | Elf:3    | Cast into level 2 of the Abyss (a deep elf sorcerer)
 43042 | Abyss:2  | Found a corrupted altar of Lugonu.
 43050 | Abyss:2  | Got a fine sapphire amulet
 43051 | Abyss:2  | Identified the amulet "Myoto" {Gourm +Blink} (You found it
                  | on level 2 of the Abyss)
 43177 | Abyss:2  | Paralysed by accursed screaming for 1 turns
 43227 | Abyss:2  | Found a corrupted altar of Lugonu.
 43239 | Abyss:2  | You feel dopey.
 43784 | Abyss:2  | Got a brightly glowing great sword
 43933 | Abyss:2  | You feel dopey.
 44019 | Abyss:2  | Found a basalt altar of Yredelemnul.
 44215 | Abyss:2  | Found a basalt altar of Yredelemnul.
 44416 | Abyss:3  | Reached XP level 22. HP: 202/202 MP: 27/27
 44656 | Abyss:3  | You feel dopey.
 44886 | Abyss:3  | Found a corrupted altar of Lugonu.
 45017 | Abyss:3  | You feel dopey.
 45026 | Abyss:3  | You feel dopey.
 45081 | Abyss:3  | You feel dopey.
 45094 | Abyss:3  | You feel dopey.
 45713 | Abyss:3  | TheNamelessOne: на 15?
 45727 | Abyss:3  | Petrovich: у эльфов
 45733 | Abyss:3  | Found a corrupted altar of Lugonu.
 45872 | Abyss:4  | TheNamelessOne: видишь к успеху все-таки пришёл
 45878 | Abyss:4  | TheNamelessOne: отправили
 46108 | Abyss:4  | Paralysed by a chaos spawn for 5 turns
 46127 | Abyss:4  | You feel dopey.
 46138 | Abyss:4  | You feel dopey.
 46191 | Abyss:5  | Entered Level 5 of the Abyss
 46193 | Abyss:5  | Found a corrupted altar of Lugonu.
 46259 | Abyss:5  | You are confused.
 46403 | Elf:3    | Escaped the Abyss
 46590 | Elf:3    | Cast into level 2 of the Abyss (a deep elf sorcerer)
 46604 | Abyss:2  | Found an iron altar of Okawaru.
 46810 | Abyss:2  | TheNamelessOne: видишь
 46815 | Abyss:2  | TheNamelessOne: смова отправили
 46820 | Abyss:2  | TheNamelessOne: а ты боялся
 47155 | Abyss:2  | Petrovich: на втором уровне руна бывает?
 47184 | Abyss:2  | Reached XP level 23. HP: 211/211 MP: 29/29
 47262 | Abyss:2  | You feel dopey.
 47274 | Abyss:2  | You feel dopey.
 47696 | Abyss:2  | Noticed an ancient lich
 47716 | Abyss:2  | Killed an ancient lich
 48052 | Abyss:3  | Reached skill level 25 in Unarmed Combat
 48052 | Abyss:3  | Reached skill level 10 in Evocations
 48067 | Abyss:3  | Got an abyssal rune of Zot
 48138 | Abyss:3  | Reached skill level 10 in Shields
 48149 | Elf:3    | Escaped the Abyss
 48275 | Elf:3    | Got a coiled marble ring
 48397 | Elf:3    | TheNamelessOne: нет
 48442 | Elf:3    | Identified the ring of the Lizard {*Tele rC+ Slay+2 Stlth+}
                  | (You took it off a deep elf annihilator on level 3 of the
                  | Elven Halls)
 48455 | Elf:3    | Identified Avyt's Collected Works on Toxic Flames
 48485 | Elf:3    | Cast into level 2 of the Abyss (a deep elf sorcerer)
 48485 | Abyss:2  | Found a corrupted altar of Lugonu.
 48506 | Abyss:2  | Found a corrupted altar of Lugonu.
 48520 | Elf:3    | Escaped the Abyss
 48584 | Elf:3    | Identified the Disquisition on Stolen Souls and the Rocks
 48595 | Elf:3    | Learned a level 5 spell: Borgnjor's Vile Clutch
 48714 | Elf:1    | Bought a wand of clouds (6) for 420 gold pieces
 48772 | Orc:2    | Bought a potion of resistance for 150 gold pieces
 48772 | Orc:2    | Bought a potion of curing for 45 gold pieces
 48772 | Orc:2    | Bought a potion of curing for 45 gold pieces
 48772 | Orc:2    | Bought a potion of flight for 45 gold pieces
 48772 | Orc:2    | Bought a potion of flight for 45 gold pieces
 48772 | Orc:2    | Bought a potion of curing for 45 gold pieces
 48772 | Orc:2    | Bought a potion of curing for 45 gold pieces
 48772 | Orc:2    | Bought a potion of curing for 45 gold pieces
 49115 | Crypt:1  | Entered Level 1 of the Crypt
 49260 | Crypt:1  | Found a runed gate.
 49260 | Crypt:1  | Found a runed gate.
 49260 | Crypt:1  | Found a runed gate.
 49260 | Crypt:1  | Noticed Zaliutr Qeeff's ghost (adept CeBe)
 49437 | Crypt:1  | Found a transporter.
 49442 | Crypt:1  | Found a deep blue altar of Sif Muna.
 49720 | Crypt:1  | Got a faintly glowing spear
 50030 | Crypt:1  | Reached skill level 5 in Translocations
 50701 | Crypt:2  | Identified the cursed +1 chain mail of Integrity {-Cast rF+
                  | rC+ Dex+3} (You found it on level 2 of the Crypt)
 50785 | Crypt:2  | Reached XP level 24. HP: 221/221 MP: 29/29
 50877 | Crypt:3  | Entered Level 3 of the Crypt
 50894 | Crypt:3  | Reached skill level 5 in Spellcasting
 51188 | Crypt:3  | Paralysed by a vampire knight for 2 turns
 51716 | Crypt:3  | Found an ancient bone altar of Kikubaaqudgha.
 52214 | Crypt:3  | Reached skill level 10 in Translocations
 52627 | Crypt:3  | Found a staircase to the Tomb.
 52708 | Crypt:3  | Noticed Saint Roka
 52719 | Crypt:3  | Killed Saint Roka
 52882 | Crypt:3  | Reached skill level 26 in Unarmed Combat
 53123 | Crypt:1  | Killed Zaliutr Qeeff's ghost
 53157 | Crypt:1  | Identified the +10 plate armour of Tartarus {rPois Str+6
                  | Dex+3} (You found it on level 1 of the Crypt)
 53163 | Crypt:1  | Identified the ring of Sulyvuow {*Tele rC++ Str+7 Dex-5}
                  | (You found it on level 1 of the Crypt)
 53333 | Vaults:5 | Entered Level 5 of the Vaults
 53335 | Vaults:5 | Reached skill level 27 in Unarmed Combat
 53391 | Vaults:4 | Reached XP level 25. HP: 152/226 MP: 23/30
 53788 | Vaults:5 | Got an ancient hand crossbow
 53792 | Vaults:5 | Identified the amulet "Woixzost" {*Drain +Rage MR++ Int+4}
                  | (You took it off a vault warden on level 5 of the Vaults)
 54289 | Vaults:5 | Noticed an ancient lich
 54396 | Vaults:5 | Killed an ancient lich
 54514 | Vaults:5 | Identified the Volume of Changing and Envenoming
 54519 | Vaults:5 | Learned a level 2 spell: Passwall
 54809 | Vaults:5 | Identified the +1 pair of gloves of Complete Protection
                  | {*Slow rPois rF+++ Slay+6} (You found it on level 5 of the
                  | Vaults)
 55092 | Vaults:5 | Identified 3 scrolls of acquirement
 55172 | Vaults:5 | Learned a level 6 spell: Deflect Missiles
 55352 | Vaults:5 | Got a silver rune of Zot
 55973 | Slime:1  | Entered Level 1 of the Pits of Slime
 55981 | Lair:5   | You feel dopey.
 56577 | Slime:2  | You feel dopey.
 57539 | Slime:5  | Entered Level 5 of the Pits of Slime
 57996 | Slime:5  | Noticed the Royal Jelly
 58330 | Slime:5  | You feel dopey.
 58758 | Slime:5  | Found a viscous altar of Jiyva.
 58764 | Slime:5  | Found the +7 lajatang of Order {silver, rMut}
 58832 | Slime:5  | Killed the Royal Jelly
 58878 | Slime:5  | Got a slimy rune of Zot
 58889 | Slime:5  | Got a flickering bronze ring
 58890 | Slime:5  | Identified the cursed ring of Paweuff {AC-3 SInv} (You
                  | found it on level 5 of the Pits of Slime)
 58916 | Slime:5  | Got a twitching golden ring
 58917 | Slime:5  | Identified the ring of Moodiness {rN+ MR+ MP+9 Str+2
                  | Stlth+} (You found it on level 5 of the Pits of Slime)
 58927 | Slime:5  | Learned a level 3 spell: Regeneration
 58949 | Slime:5  | Learned a level 1 spell: Summon Butterflies
 59367 | Depths:1 | Entered Level 1 of the Depths
 59666 | Depths:1 | Found Puopazaxt's Armour Shop.
 59668 | Depths:1 | Found Urphuklep's Armour Emporium.
 59741 | Depths:1 | Found a shattered altar of Ashenzari.
 59751 | Depths:1 | Found Ceriys's Magic Scroll Shoppe.
 59767 | Depths:1 | Bought a scroll of teleportation for 54 gold pieces
 59767 | Depths:1 | Bought a scroll of blinking for 135 gold pieces
 59767 | Depths:1 | Bought a scroll of identify for 36 gold pieces
 59767 | Depths:1 | Bought a scroll of immolation for 63 gold pieces
 59767 | Depths:1 | Bought a scroll of identify for 36 gold pieces
 59767 | Depths:1 | Bought a scroll of identify for 36 gold pieces
 59767 | Depths:1 | Bought a scroll of blinking for 135 gold pieces
 59767 | Depths:1 | Bought a scroll of identify for 36 gold pieces
 59767 | Depths:1 | Bought a scroll of fog for 36 gold pieces
 59767 | Depths:1 | Bought a scroll of acquirement for 936 gold pieces
 59803 | Depths:1 | Found Exoudiu's Gadget Emporium.
 59982 | Depths:1 | Found Hygethri's Armour Shoppe.
 60336 | Depths:2 | Identified the amulet "Ytrugag" {Acrobat Str+6 Int-4} (You
                  | found it on level 2 of the Depths)
 60343 | Depths:2 | Learned a level 2 spell: Song of Slaying
 60346 | Depths:2 | Identified the amulet of Qeesch {rElec Regen+ Int+4} (You
                  | acquired it on level 2 of the Depths)
 60478 | Depths:2 | Reached skill level 1 in Charms
 60797 | Depths:2 | You feel dopey.
 61120 | Depths:2 | Identified the amulet of the Thoughtful Demons {+Rage rN+}
                  | (You found it on level 2 of the Depths)
 61567 | Depths:3 | Noticed Xtahua
 61573 | Depths:3 | Killed Xtahua
 61574 | Depths:3 | Noticed Asterion
 61582 | Depths:3 | Killed Asterion
 62497 | Depths:4 | Reached skill level 10 in Spellcasting
 62553 | Depths:4 | Identified the ring of the Burgomaster {Fire *Drain rElec
                  | Slay+3} (You found it on level 4 of the Depths)
 62583 | Depths:4 | Found a transporter.
 62689 | Depths:4 | Identified the amulet of Virtue {Spirit Dex+3 Stlth+} (You
                  | found it on level 4 of the Depths)
 62806 | Depths:4 | Reached skill level 15 in Shields
 62936 | Depths:4 | Found a one-way gate to the infinite horrors of the Abyss.
 63139 | Hell     | Entered the Vestibule of Hell
 63139 | Hell     | Noticed Geryon
 63143 | Hell     | Reached skill level 5 in Charms
 63143 | Hell     | Noticed Murray
 63150 | Hell     | Killed Geryon
 63165 | Depths:4 | Killed Murray
 63624 | Depths:4 | Found a transporter.
 63718 | Depths:5 | Entered Level 5 of the Depths
 63726 | Depths:5 | Found Lyakom's Food Boutique.
 64226 | Depths:5 | Found Zyret's Gadget Boutique.
 64229 | Depths:5 | Learned a level 1 spell: Apportation
 64229 | Depths:5 | Found Gaxkamy's Jewellery Emporium.
 64230 | Depths:5 | Found Gorukhlo's Gadget Boutique.
 64362 | Depths:5 | Noticed Mennas
 64387 | Depths:5 | Killed Mennas
 64387 | Depths:5 | Reached skill level 1 in Necromancy
 64387 | Depths:5 | Reached skill level 1 in Earth Magic
 64586 | Depths:5 | Got a clouded bronze ring
 64590 | Depths:5 | Found a gate to the Realm of Zot.
 64915 | Depths:5 | Found a gateway to a ziggurat.
 64977 | Depths:5 | Noticed a juggernaut
 65003 | Depths:5 | Killed a juggernaut
 65120 | Depths:5 | Identified the ring of False Pretenses {rN+ SInv} (You took
                  | it off a draconian monk on level 5 of the Depths)
 65520 | Crypt:1  | Noticed an ancient lich
 65534 | Crypt:1  | Killed an ancient lich
 65590 | Crypt:1  | Got a fabulously ornate robe
 65607 | Crypt:1  | Found a transporter.
 65613 | Crypt:1  | Found the +6 shillelagh "Devastator" {shatter}
 65762 | Tomb:1   | Entered Level 1 of the Tomb of the Ancients
 65870 | Tomb:1   | Identified the Papyrus of Excruciating Hexes (You found it
                  | on level 1 of the Tomb of the Ancients)
 65918 | Tomb:1   | Noticed a greater mummy
 65933 | Tomb:1   | Killed a greater mummy
 66033 | Tomb:1   | Reached skill level 5 in Earth Magic
 66082 | Tomb:1   | Noticed a greater mummy
 66093 | Tomb:1   | Killed a greater mummy
 66178 | Tomb:1   | Reached skill level 5 in Necromancy
 66255 | Tomb:2   | Noticed a greater mummy
 66255 | Tomb:2   | Noticed a greater mummy
 66256 | Tomb:2   | Noticed a greater mummy
 66256 | Tomb:2   | Noticed Khufu
 66258 | Tomb:2   | Noticed a greater mummy
 66279 | Tomb:2   | Killed a greater mummy
 66328 | Tomb:2   | Killed a greater mummy
 66341 | Tomb:2   | Killed Khufu
 66359 | Tomb:2   | Killed a greater mummy
 66364 | Tomb:2   | Noticed a greater mummy
 66380 | Tomb:2   | Killed a greater mummy
 66477 | Tomb:2   | Noticed a greater mummy
 66579 | Tomb:2   | Killed a greater mummy
 66579 | Tomb:2   | You feel dopey.
 66618 | Tomb:2   | Killed a greater mummy
 66922 | Tomb:1   | Noticed a greater mummy
 66922 | Tomb:1   | Noticed a greater mummy
 66922 | Tomb:1   | Noticed a greater mummy
 66922 | Tomb:1   | Noticed a greater mummy
 66931 | Tomb:1   | Killed a greater mummy
 66931 | Tomb:1   | Noticed a greater mummy
 66936 | Tomb:1   | Noticed a greater mummy
 66937 | Tomb:1   | Killed a greater mummy
 66947 | Tomb:1   | Killed a greater mummy
 66952 | Tomb:1   | Killed a greater mummy
 66957 | Tomb:1   | Noticed a greater mummy
 66973 | Tomb:1   | Killed a greater mummy
 67079 | Tomb:1   | Killed a greater mummy
 67092 | Tomb:1   | Killed a greater mummy
 67138 | Tomb:1   | Noticed a greater mummy
 67138 | Tomb:1   | Noticed a greater mummy
 67146 | Tomb:1   | Killed a greater mummy
 67154 | Tomb:1   | Killed a greater mummy
 67156 | Tomb:1   | Noticed a greater mummy
 67170 | Tomb:1   | Killed a greater mummy
 67188 | Tomb:1   | Noticed a greater mummy
 67199 | Tomb:1   | Killed a greater mummy
 67220 | Tomb:1   | Noticed a greater mummy
 67221 | Tomb:1   | Noticed a greater mummy
 67221 | Tomb:1   | Noticed a greater mummy
 67228 | Tomb:1   | Killed a greater mummy
 67232 | Tomb:1   | Killed a greater mummy
 67238 | Tomb:1   | Killed a greater mummy
 67245 | Tomb:1   | Noticed a greater mummy
 67258 | Tomb:1   | Killed a greater mummy
 67298 | Tomb:1   | Noticed a greater mummy
 67310 | Tomb:1   | Killed a greater mummy
 67316 | Tomb:1   | Noticed a greater mummy
 67328 | Tomb:1   | Killed a greater mummy
 67380 | Tomb:1   | Noticed a greater mummy
 67395 | Tomb:1   | Noticed a greater mummy
 67401 | Tomb:1   | Killed a greater mummy
 67414 | Tomb:1   | Killed a greater mummy
 67466 | Tomb:2   | You feel dopey.
 67550 | Tomb:3   | Entered Level 3 of the Tomb of the Ancients
 67691 | Tomb:3   | Noticed a greater mummy
 67694 | Tomb:3   | Noticed a greater mummy
 67694 | Tomb:3   | Noticed a greater mummy
 67695 | Tomb:3   | Noticed a greater mummy
 67695 | Tomb:3   | Noticed a greater mummy
 67696 | Tomb:3   | Killed a greater mummy
 67696 | Tomb:3   | You feel dopey.
 67696 | Tomb:3   | Noticed a greater mummy
 67697 | Tomb:3   | Noticed a greater mummy
 67698 | Tomb:3   | Reached skill level 10 in Earth Magic
 67699 | Tomb:3   | Killed a greater mummy
 67716 | Tomb:3   | Killed a greater mummy
 67718 | Tomb:3   | Killed a greater mummy
 67719 | Tomb:3   | Noticed a greater mummy
 67720 | Tomb:3   | Killed a greater mummy
 67721 | Tomb:3   | Killed a greater mummy
 67722 | Tomb:3   | Noticed a greater mummy
 67724 | Tomb:3   | Killed a greater mummy
 67830 | Tomb:3   | Killed a greater mummy
 67836 | Tomb:3   | Killed a greater mummy
 67949 | Tomb:3   | Reached skill level 10 in Necromancy
 68036 | Tomb:3   | Got a coiled amber ring
 68037 | Tomb:3   | Identified the ring "Puis" {rPois MR++ Str-4 Int+4 Stlth-}
                  | (You found it on level 3 of the Tomb of the Ancients)
 68224 | Tomb:3   | Identified the Handbook of the Supportive Rocks
 68280 | Tomb:3   | Identified the cursed +1 chain mail "Erib" {rF+} (You found
                  | it on level 3 of the Tomb of the Ancients)
 68287 | Tomb:3   | Identified the +0 pair of gloves of Halesy {*Slow rPois rF+
                  | Stlth+} (You acquired it on level 3 of the Tomb of the
                  | Ancients)
 68381 | Tomb:3   | Got a golden rune of Zot
 68530 | Tomb:1   | Identified the +7 chain mail "Eppiem" {Int+3 Slay+2} (You
                  | took it off a mummy priest on level 1 of the Tomb of the
                  | Ancients)
 68632 | Tomb:1   | Noticed a greater mummy
 68647 | Tomb:1   | Killed a greater mummy
 69172 | Zot:1    | Entered Level 1 of the Realm of Zot
 70064 | Zot:1    | Got a polished helmet
 70065 | Zot:1    | Identified the +1 helmet "Titetad" {Int+4 Stlth+} (You
                  | found it on level 1 of the Realm of Zot)
 70180 | Zot:2    | You fall through a shaft for 2 floors!
 70333 | Zot:4    | Got a transparent turquoise ring
 70334 | Zot:4    | Identified the ring "Eroerio" {Wiz -Tele Str-4 Int+6 Dex+4}
                  | (You found it on level 4 of the Realm of Zot)
 70431 | Zot:3    | Identified the +0 cloak "Powykh" {+Blink Regen+ Int+2} (You
                  | found it on level 3 of the Realm of Zot)
 70858 | Zot:5    | Entered Level 5 of the Realm of Zot
 71178 | Zot:5    | Noticed an ancient lich
 71190 | Zot:5    | Noticed an ancient lich
 71202 | Zot:5    | Killed an ancient lich
 71202 | Zot:5    | Reached skill level 10 in Charms
 71212 | Zot:5    | Killed an ancient lich
 71283 | Zot:5    | Noticed a Killer Klown
 71284 | Zot:5    | Noticed an orb of fire
 71291 | Zot:5    | Noticed a Killer Klown
 71295 | Zot:5    | Noticed an ancient lich
 71307 | Zot:5    | Killed an orb of fire
 71315 | Zot:5    | Killed an ancient lich
 71326 | Zot:5    | Killed a Killer Klown
 71372 | Zot:5    | Killed a Killer Klown
 71569 | Zot:5    | Noticed a Killer Klown
 71580 | Zot:5    | Noticed an orb of fire
 71593 | Zot:5    | Killed an orb of fire
 71600 | Zot:5    | Killed a Killer Klown
 71648 | Zot:5    | Noticed a Killer Klown
 71679 | Zot:5    | Killed a Killer Klown
 71733 | Zot:5    | Got the Orb of Zot
 71763 | Zot:4    | Noticed Muuratz the pandemonium lord
 71921 | Depths:4 | Noticed Wayblats the pandemonium lord
 71932 | Depths:4 | Killed Wayblats the pandemonium lord
 72394 | D:$      | Escaped with the Orb!

Skill      XL: |  1  2  3  4  5  6  7  8  9 10 11 12 13 14 15 16 17 18 19 20 21 22 23 24 25 |
---------------+----------------------------------------------------------------------------+-----
Unarmed Combat | 3 4 5 6 8 10 14 13 15 16 17 18 19 20 21 22 23 24 25 27 | 27.0
Fighting       | 3 4 6 7 9 11 12 13 14 15 16 17 18 19 25 | 25.1
Armour         | 5 7 9 10 12 13 14 15 16 17 18 19 20 26 | 26.9
Evocations     | 3 5 6 7 8 9 10 14 | 14.0
Dodging        | 0 |  0.0
Shields        | 2 5 6 8 9 10 15 | 15.0
Spellcasting   | 4 5 10 | 10.0
Translocations | 5 10 13 | 13.0
Charms         | 10 | 10.0
Necromancy     | 13 | 13.0
Earth Magic    | 13 | 13.0
Throwing       | |  0.8

Action                   |  1- 3 |  4- 6 |  7- 9 | 10-12 | 13-15 | 16-18 | 19-21 | 22-24 | 25-27 || total
-------------------------+-------+-------+-------+-------+-------+-------+-------+-------+-------++-------
Melee: Unarmed           |   139 |   264 |   389 |   996 |  1438 |  2231 |  2422 |  2484 |  4369 || 14732
       Falchion          |       |       |       |       |     2 |     1 |       |       |       ||     3
Throw: Tomahawk          |       |     3 |    37 |    95 |     3 |       |       |       |       ||   138
       Throwing net      |       |       |       |       |       |       |       |     1 |     1 ||     2
 Cast: Blink             |       |       |       |       |       |       |       |     2 |    12 ||    14
       Lesser Beckoning  |       |       |       |       |       |       |       |     1 |    35 ||    36
       Regeneration      |       |       |       |       |       |       |       |       |    45 ||    45
       Apportation       |       |       |       |       |       |       |       |       |    21 ||    21
       Passage of Golubr |       |       |       |       |       |       |       |       |     9 ||     9
       Passwall          |       |       |       |       |       |       |       |       |     4 ||     4
       Borgnjor's Vile C |       |       |       |       |       |       |       |       |     1 ||     1
Invok: Sacrifice Drink   |       |       |     1 |       |       |       |       |       |       ||     1
       Sacrifice Experie |       |       |     1 |       |       |       |       |       |       ||     1
       Reject Sacrifices |       |       |       |     1 |     1 |       |       |       |       ||     2
       Sacrifice Nimblen |       |       |       |     1 |       |       |       |       |       ||     1
       Apocalypse        |       |       |       |       |     3 |     6 |     6 |    11 |    21 ||    47
       Power Leap        |       |       |       |       |     2 |    10 |     3 |     9 |     8 ||    32
       Sacrifice Stealth |       |       |       |       |     1 |       |       |       |       ||     1
       Draw Out Power    |       |       |       |       |       |     2 |       |       |       ||     2
       Sacrifice an Eye  |       |       |       |       |       |     1 |       |       |       ||     1
 Abil: Stop Flying       |       |       |       |       |       |       |       |       |     2 ||     2
       Evoke Flight      |       |       |       |       |       |       |       |       |     1 ||     1
Evoke: Wand              |       |       |    12 |    33 |     4 |    98 |    12 |     4 |    14 ||   177
       Lamp of fire      |       |       |       |       |       |       |       |     3 |     6 ||     9
       Lightning rod     |       |       |       |       |       |       |       |       |    13 ||    13
       Phial of floods   |       |       |       |       |       |       |       |       |     3 ||     3
       Horn of Geryon    |       |       |       |       |       |       |       |       |     2 ||     2
  Use: Scroll            |       |       |       |     2 |    17 |    12 |    10 |    12 |    55 ||   108
       Potion            |       |       |       |       |     2 |     2 |       |     8 |     2 ||    14
 Stab: Paralysed         |       |       |    17 |     3 |    12 |    16 |    22 |    24 |    47 ||   141
       Invisible         |       |       |       |     3 |    15 |    36 |     8 |     6 |    22 ||    90
       Distracted        |       |       |       |     2 |     8 |    11 |    12 |    10 |    24 ||    67
       Held in net/web   |       |       |       |       |       |       |       |     2 |     1 ||     3
       Petrifying        |       |       |       |       |       |       |       |     1 |       ||     1
       Confused          |       |       |       |       |       |       |       |       |     2 ||     2
  Eat: Chunk             |     5 |    12 |    28 |    91 |   131 |   187 |   180 |   100 |   303 ||  1037
       Ration            |       |       |       |       |       |       |       |     2 |     8 ||    10
Armor: Leather armour    |    10 |       |       |       |       |       |       |       |       ||    10
       Chain mail        |    81 |   188 |    20 |       |       |       |       |       |       ||   289
       Plate armour      |       |       |   132 |   525 |   785 |  2021 |   916 |   989 |  1706 ||  7074
Dodge: Dodged            |    41 |    70 |    21 |   116 |   214 |   471 |   465 |   560 |   622 ||  2580
Block: Shield            |       |     1 |    85 |   248 |   376 |   714 |   684 |   863 |  1967 ||  4938
       Large shield      |       |       |       |       |       |       |    64 |       |       ||    64
       Reflection        |       |       |       |       |       |       |    21 |    10 |    67 ||    98
